 Dungeon Crawl Stone Soup version 0.31-a0-267-g3fc6992b3b (webtiles) character file.

Game seed: 11244590538026797696

63 qw the Shooter (level 3, -2/29 HPs)
             Began as a Minotaur Hexslinger on July 14, 2023.
             Killed from afar by Natasha (11 damage)
             ... with a magic dart
             ... on level 3 of the Dungeon.
             The game lasted 00:00:37 (1211 turns).

qw the Shooter (Minotaur Hexslinger)                Turns: 1211, Time: 00:00:38

Health: -2/29      AC:  6    Str: 12    XL:     3   Next: 87%
Magic:  3/3        EV: 16    Int: 10    God:
Gold:   128        SH:  0    Dex: 14    Spells: 3/4 levels left

rFire   . . .        Y - +1 sling
rCold   . . .        (no shield)
rNeg    . . .        f - +0 ring mail
rPois   .            (helmet restricted)
rElec   .            (no cloak)
rCorr   .            (no gloves)
SInv    +            g - +0 pair of boots
Will    .....        (no amulet)
Stlth   +            d - +5 ring of evasion
HPRegen 0.24/turn    b - ring of see invisible
MPRegen 0.08/turn

%: no passive effects
@: slowed, very slow
A: horns 2, retaliatory headbutt
a: no special abilities


You were on level 3 of the Dungeon.
You visited 1 branch of the dungeon, and saw 3 of its levels.

You collected 128 gold pieces.


Innate Abilities, Weirdness & Mutations

You have a pair of horns on your head.
You reflexively headbutt those who attack you in melee.


   Skills:
 - Level 2.0 Fighting
 + Level 4.2 Ranged Weapons
 - Level 1.0 Armour
 - Level 2.1 Dodging
 - Level 1.0 Spellcasting
 - Level 2.0 Hexes


You had 3 spell levels left.
You knew the following spells:

 Your Spells              Type           Power      Damage    Failure   Level
a - Slow                  Hex            16%        N/A       34%         1

Your spell library contained the following spells:

 Spells                   Type           Power      Damage    Failure   Level
 Inner Flame              Hex/Fire       2%         N/A       83%         3
 Portal Projectile        Hex/Tloc       4%         N/A       83%         3
 Cause Fear               Hex            2%         N/A       98%         4

Inventory:

Hand Weapons
 Y - a +1 sling (weapon)
Armour
 f - a +0 ring mail (worn)
 g - a +0 pair of boots (worn)
Jewellery
 b - a ring of see invisible (right hand)
 d - a +5 ring of evasion (left hand)
Potions
 e - a potion of enlightenment {unknown}
 h - a potion of curing {unknown}
 i - a potion of heal wounds

Dungeon Overview and Level Annotations

Branches:
Dungeon (3/15)

Altars:

Annotations:
D:3 Natasha


Message History

You shoot a sling bullet. The sling bullet hits Natasha.
Natasha is heavily wounded.
You shoot a sling bullet. The sling bullet hits Natasha.
Natasha is almost dead.
Natasha mumbles some strange words.
You shoot a sling bullet.
The sling bullet barely misses the cerulean imp.
Natasha casts a spell at you.
You feel yourself slow down.
The cerulean imp hits you from afar with a +2 spear.
You shoot a sling bullet. The sling bullet barely misses Natasha.
Natasha casts a spell at you. The magic dart hits you.
The cerulean imp hits you from afar with a +2 spear.
Natasha stares at you and mumbles some strange words.
You feel as though you will be slow longer.
The cerulean imp closely misses you.
You shoot a sling bullet. The sling bullet barely misses Natasha.
Natasha casts a spell.
The cerulean imp hits you from afar with a +2 spear.
Natasha casts a spell.
The cerulean imp hits you from afar with a +2 spear.
You shoot a sling bullet.
The sling bullet barely misses the cerulean imp.
The sling bullet hits the cerulean imp.
The cerulean imp is moderately wounded.
The cerulean imp hits you from afar with a +2 spear.
The cerulean imp hits you with a +2 spear.
The cerulean imp misses you.
The cerulean imp hits you but does no damage. x2
You shoot a sling bullet.
The sling bullet barely misses the cerulean imp.
The cerulean imp closely misses you.
The cerulean imp hits you but does no damage.
Natasha closely misses you.
The cerulean imp hits you with a +2 spear.
The cerulean imp barely misses you. The cerulean imp misses you.
Natasha stares at you and mumbles some strange words.
The magic dart hits you!
You die...

#......#.#
#......#.# ..
#......... .".
#......#.# ....
#...)..#.##..
#...%..#....
#.<....#..# #..
#####..#.#.....
##.@h5..#
#.55......
#..#.#.....
####.# ..#. .#
... .. .. .# .
.#


You could see Natasha and 3 cerulean imps.

Vanquished Creatures
  4 worms (D:2)
  A dart slug (D:2)
  6 ball pythons
  5 bats
  2 endoplasms (D:1)
  9 goblins
  4 hobgoblins
  2 kobolds
  3 quokkas
  2 frilled lizards (D:1)
  9 rats
47 creatures vanquished.

Notes
Turn   | Place    | Note
-------+----------+-------------------------------------------
     0 | D:1      | qw the Minotaur Hexslinger began the quest for the Orb.
     0 | D:1      | Reached XP level 1. HP: 16/16 MP: 1/1
     0 | D:1      | 0 ||| qw: Version: 0.3-a-52-g30416fa
     0 | D:1      | 0 ||| qw: Game counter: 7915
     0 | D:1      | 0 ||| qw: Melee chars always use a shield: true
     0 | D:1      | 0 ||| qw: God list: Okawaru
     0 | D:1      | 0 ||| qw: Allow faded altars: false
     0 | D:1      | 0 ||| qw: Do Orc after clearing Dungeon:15 true
     0 | D:1      | 0 ||| qw: Do second Lair branch before Depths: true
     0 | D:1      | 0 ||| qw: Lair rune preference: random
     0 | D:1      | 0 ||| qw: Goals: Normal
     0 | D:1      | 0 ||| PLANNING D:1-11
   196 | D:1      | Reached skill level 3 in Ranged Weapons
   196 | D:1      | Reached XP level 2. HP: 23/23 MP: 2/2
   773 | D:1      | 773 ||| UPGRADING to +0 ring mail.
   783 | D:1      | 783 ||| DROPPING +0 robe.
   784 | D:1      | 784 ||| UPGRADING to +0 pair of boots.
   789 | D:1      | 789 ||| UPGRADING to +5 ring of evasion.
   790 | D:1      | 790 ||| READING scroll labelled BEOKKO IHAUTEC.
   791 | D:1      | 791 ||| DROPPING scroll of poison.
   870 | D:2      | Reached XP level 3. HP: 29/29 MP: 3/3
   971 | D:2      | Reached skill level 4 in Ranged Weapons
  1005 | D:2      | Reached skill level 1 in Armour
  1169 | D:2      | 1169 ||| UPGRADING to ring of see invisible.
  1170 | D:2      | 1170 ||| READING scroll labelled EVIGOZX TYMUA.
  1171 | D:2      | 1171 ||| READING scroll labelled BYQOONO BYOCUFAEN.
  1172 | D:2      | 1172 ||| DRINKING 2 golden potions.
  1190 | D:3      | 1190 ||| PLANNING SEWER
  1203 | D:3      | Noticed Natasha
  1211 | D:3      | Killed from afar by Natasha

Levels and vault maps discovered:
D:1:      kennysheep_arrival_seaside, layout_loops_ring
D:2:      layout_rooms
D:3:      layout_rooms, fedhas_altar_1, portal_sewer_entry_d,
          nicolae_shop_unique_rings, mrwooster_statue_mirror,
          nicolae_concentric_dashed_squares_mild, uniq_natasha

Skill      XL: |  1  2  3 |
---------------+----------+-----
Ranged Weapons | 3 4 |  4.2
Fighting       | 2 |  2.0
Armour         | 1 |  1.0
Dodging        | |  2.1
Spellcasting   | |  1.0
Hexes          | |  2.0

Action                     || total
---------------------------++-------
   Fire: Sling             ||   143
    Use: Scroll            ||     3
         Potion            ||     1
 Armour: Robe              ||     3
         Ring mail         ||     6
  Dodge: Dodged            ||    45

Table legend:
 A = Non-vault XP
 B = Vault XP
 C = Vault XP percentage of total XP
 D = Non-vault monster count
 E = Vault monster count
 F = Vault count percentage of total count
                 A         B        C        D         E       F
            +---------+---------+-------+---------+---------+-------
      Total |      90 |       0 |   0.0 |      47 |       0 |   0.0
            +---------+---------+-------+---------+---------+-------
        D:1 |      38 |       0 |   0.0 |      25 |       0 |   0.0
        D:2 |      48 |       0 |   0.0 |      20 |       0 |   0.0
        D:3 |       4 |       0 |   0.0 |       2 |       0 |   0.0
            +---------+---------+-------+---------+---------+-------
